 Seeded DCSS version 0.30.1-4-g462c640d31 (webtiles) character file.

Game seed: 920673320228942481 (custom seed)

112 Psyclone the Stinger (level 4, 0/27 HPs)
             Began as an Octopode Venom Mage on Sept 19, 2023.
             Slain by Crazy Yiuf
             ... wielding a +2 quarterstaff of chaos
              (14 damage)
             ... on level 2 of the Dungeon.
             The game lasted 00:04:57 (2221 turns).

Psyclone the Stinger (Octopode Venom Mage)          Turns: 2221, Time: 00:04:58

Health: 0/27       AC:  3    Str:  7    XL:     4   Next: 93%
Magic:  7/7        EV: 13    Int: 25    God:
Gold:   811        SH:  0    Dex: 12    Spells: 4/7 levels left

rFire   + . .        k - +0 dagger
rCold   . . .        (no shield)
rNeg    + . .        d - +2 hat of Impatience {Will+ Int+6}
rPois   .            (no amulet)
rElec   .            c - ring "Cioxtux" {Fly rF+ rN+ Will+ rCorr}
rCorr   +            g - ring of wizardry
SInv    .            l - ring of resist corrosion
Will    ++...        (no ring)
Stlth   +++          (no ring)
HPRegen 0.24/turn    (no ring)
MPRegen 0.10/turn    (no ring)
                     (no ring)

%: wizardry (x1)
@: lethally poisoned (0 -> -10), flying
A: almost no armour, amphibious, 8 rings, camouflage 1, gelatinous body 1,
(nimble swimmer 1), tentacles
a: no special abilities


You were on level 2 of the Dungeon.
You visited 1 branch of the dungeon, and saw 2 of its levels.

You collected 811 gold pieces.

Inventory:

Hand Weapons
 k - a +0 dagger (weapon)
Armour
 d - the +2 hat of Impatience (worn) {Will+ Int+6}
   (You acquired it on level 1 of the Dungeon)

   Int:       It affects your intelligence (+6).
   Will:      It increases your willpower.
Jewellery
 c - the ring "Cioxtux" (left tentacle) {Fly rF+ rN+ Will+ rCorr}
   (You acquired it on level 1 of the Dungeon)

   [ring of resist corrosion]

   rF:        It protects you from fire.
   rN:        It protects you from negative energy.
   Fly:       It grants you flight.
   rCorr:     It protects you from acid and corrosion.
   Will:      It increases your willpower.
 g - a ring of wizardry (right tentacle)
 l - a ring of resist corrosion (on tentacle)
Scrolls
 h - a scroll of teleportation {unknown}
 i - a scroll of amnesia {unknown}
 j - a scroll of fog {unknown}
Potions
 a - a potion of magic
 b - a potion of mutation {unknown}
 e - 2 potions of cancellation {unknown}
 f - a potion of resistance {unknown}
 m - a potion of lignification {unknown}


   Skills:
 - Level 2.0 Dodging
 - Level 2.6 Stealth
 - Level 2.0 Spellcasting
 - Level 1.0 Transmutations
 + Level 6.6 Poison Magic


You had 4 spell levels left.
You knew the following spells:

 Your Spells              Type           Power      Damage    Failure   Level
a - Poisonous Vapours     Pois/Air       38%        N/A       1%          2
v - Sting                 Tmut/Pois      84%        1d7       1%          1

Your spell library contained the following spells:

 Spells                   Type           Power      Damage    Failure   Level
 Olgreb's Toxic Radiance  Pois           35%        N/A       3%          4
 Kiss of Death            Conj/Necr      8%         2d6       4%          1
 Mephitic Cloud           Conj/Pois/Air  13%        N/A       6%          3
 Confusing Touch          Hex            2%         N/A       13%         3
 Dispel Undead            Necr           2%         3d7       38%         4


Dungeon Overview and Level Annotations

Branches:
Dungeon (2/15) Zot: 9780

Altars:

Annotations:
D:2 Crazy Yiuf


Innate Abilities, Weirdness & Mutations

You cannot wear most types of armour.
You are amphibious.
You can wear up to eight rings at the same time.
Your skin changes colour to match your surroundings (Stealth+).
Your rubbery body absorbs attacks. (AC +1, EV +1)
((You are camouflaged when in or above water. (Stealth+)))
You have tentacles for arms and can constrict up to eight enemies at once.


Message History

You are frozen.
You take 4 damage, and have 23/27 hp.
You hit the endoplasm.
You kill the endoplasm!
There is an open door here.
There is an open door here.
Found a hammer.
Found a runed translucent door.
Health restored: 27 Crazy Yiuf says, "Buddy!
Mama tortoise eyeball."
Crazy Yiuf cries, "Flower dark song!"
You reach down and open the door.
Casting: Poisonous Vapours (safe; 1% risk of failure)
Confirm with . or Enter, or press ? or * to list all spells.
You can't see any susceptible monsters within range! (Use Z to cast anyway.) Unknown command.
Casting: Poisonous Vapours (safe; 1% risk of failure)
Confirm with . or Enter, or press ? or * to list all spells.
You can't see any susceptible monsters within range! (Use Z to cast anyway.)
Casting: Poisonous Vapours (safe; 1% risk of failure)
Confirm with . or Enter, or press ? or * to list all spells.
You can't see any susceptible monsters within range! (Use Z to cast anyway.) Unknown command.
Press: ? - help, v - describe, . - travel
Here: Crazy Yiuf, wielding a +2 quarterstaff of chaos and wearing a +0 cloak of poison resistance An open translucent door.
You hit Crazy Yiuf but do no damage. Your grab misses Crazy Yiuf.
Crazy Yiuf barely misses you.
You hit Crazy Yiuf. You grab Crazy Yiuf.
Crazy Yiuf is lightly wounded.
You constrict Crazy Yiuf.
Crazy Yiuf hits you with a +2 quarterstaff of chaos!
You are poisoned.
You take 9 damage, and have 18/27 hp.
MASSIVE DAMAGE!!
You hit Crazy Yiuf.
Crazy Yiuf is lightly wounded.
You constrict Crazy Yiuf, but do no damage.
You feel very sick.
Crazy Yiuf hits you with a +2 quarterstaff of chaos!
Ouch! That really hurt!
You die...

......................+>........'
##.......###.......####^........#
#..#....# #.###..># ##.......##
#.##....# ### ##### ##.....## #.
#....# ##...## #. #.##.# ##'## #.
#.# ### ######.# ### .. ..#
#)..### ##..#.#.###..
#...g@####........[..#
#...##..#..........#.. ###
###.#...#.....##. ########....##.
##.#.##. ###.### #.# #.# #..


You could see Crazy Yiuf.

Vanquished Creatures
  Natasha (thrice) (D:2)
  An adder (D:2)
  2 dart slugs
  3 endoplasms (D:2)
  A giant cockroach (D:2)
  3 goblins
  A hobgoblin (D:2)
  2 kobolds (D:2)
  5 ball pythons
  2 bats
  A rat (D:1)
24 creatures vanquished.

Notes
Turn   | Place    | Note
-------+----------+-------------------------------------------
     0 | D:1      | Psyclone the Octopode Venom Mage began the quest for the
                  | Orb.
     0 | D:1      | Reached XP level 1. HP: 11/11 MP: 3/3
    81 | D:1      | Identified 3 scrolls of acquirement
    81 | D:1      | Acquired the +2 hat of Impatience {Will+ Int+6}
    82 | D:1      | Acquired the ring "Cioxtux" {Fly rF+ rN+ Will+ rCorr}
    83 | D:1      | Acquired 738 gold pieces
   198 | D:1      | Reached skill level 4 in Poison Magic
   878 | D:1      | Reached XP level 2. HP: 17/17 MP: 1/5
  1306 | D:2      | Learned a level 2 spell: Poisonous Vapours
  1523 | D:2      | Noticed Natasha
  1532 | D:2      | Killed Natasha
  1533 | D:2      | Reached skill level 5 in Poison Magic
  1533 | D:2      | Reached XP level 3. HP: 21/21 MP: 1/6
  1885 | D:2      | Reached XP level 4. HP: 25/27 MP: 0/7
  1954 | D:2      | Noticed Natasha
  1962 | D:2      | Killed Natasha
  1963 | D:2      | Reached skill level 6 in Poison Magic
  2029 | D:2      | Noticed Natasha
  2037 | D:2      | Killed Natasha
  2214 | D:2      | Found a runed translucent door.
  2215 | D:2      | Noticed Crazy Yiuf
  2221 | D:2      | Slain by Crazy Yiuf

Illustrated notes

Levels and vault maps discovered:
D:1:      dpeg_arrival_orchard, layout_basic
D:2:      layout_loops_corners, uniq_natasha, uniq_crazy_yiuf_cottage

Skill      XL: |  1  2  3  4 |
---------------+-------------+-----
Poison Magic   | 4 5 6 |  6.6
Dodging        | |  2.0
Stealth        | |  2.6
Spellcasting   | |  2.0
Transmutations | |  1.0

Action                     |  1- 3 |  4- 6 || total
---------------------------+-------+-------++-------
  Melee: Unarmed           |    19 |       ||    19
         Constrict         |     6 |     5 ||    11
         Tentacles         |     4 |     2 ||     6
         Punch             |     1 |       ||     1
         Dagger            |       |    17 ||    17
   Cast: Sting             |    13 |       ||    13
         Poisonous Vapours |    14 |     7 ||    21
    Use: Scroll            |     3 |       ||     3
 Armour: Skin              |     4 |       ||     4
  Dodge: Dodged            |    13 |    11 ||    24
